 Dungeon Crawl Stone Soup version 0.29.1-12-g30fa7ad0bf (webtiles) character file.

Game seed: 1848787181887830384

122 fishmans the Chopper (level 4, -4/39 HPs)
             Began as a Minotaur Fighter on Dec 11, 2022.
             Slain by Grinder (6 damage)
             ... on level 3 of the Dungeon on Dec 13, 2022.
             The game lasted 00:06:57 (2082 turns).

fishmans the Chopper (Minotaur Fighter)             Turns: 2082, Time: 00:06:57

Health: -4/39      AC:  6    Str: 23    XL:     4   Next: 78%
Magic:  3/3        EV:  9    Int:  5    God:
Gold:   254        SH:  4    Dex:  9    Spells: 3/3 levels left

rFire   . . .      SeeInvis .   a - +0 war axe
rCold   . . .      Faith    .   c - +0 buckler
rNeg    . . .      Spirit   .   b - +0 scale mail
rPois   .          Reflect  .   (helmet restricted)
rElec   .          Harm     .   (no cloak)
rCorr   .          Rampage  .   (no gloves)
Will    .....                   (no boots)
Stlth   ..........              (no amulet)
HPRegen 0.13/turn               (no ring)
MPRegen 0.08/turn               (no ring)

@: no status effects
A: horns 2, retaliatory headbutt
a: no special abilities


You were on level 3 of the Dungeon.
You visited 1 branch of the dungeon, and saw 3 of its levels.

You collected 254 gold pieces.

Inventory:

Hand Weapons
 a - a +0 war axe (weapon)
Missiles
 j - 3 poisoned darts (quivered)
Armour
 b - a +0 scale mail (worn)
 c - a +0 buckler (worn)
Jewellery
 l - a ring of fire
Scrolls
 e - a scroll of poison {unknown}
 f - a scroll of identify
 i - a scroll of fear {unknown}
Potions
 d - a potion of might
 g - 2 potions of invisibility
 h - a potion of cancellation {unknown}
 k - a potion of flight {unknown}


   Skills:
 - Level 3.6 Fighting
 + Level 6.1 Axes
 - Level 3.6 Armour
 - Level 3.6 Shields


You had 3 spell levels left.
You didn't know any spells.
Your spell library contained the following spells:

 Spells                   Type           Power      Damage    Failure   Level
 Chain Lightning          Conj/Air       0%         N/A       100%        9
 Fire Storm               Conj/Fire      0%         5d1       100%        9
 Shatter                  Erth           0%         3d5*      100%        9


Dungeon Overview and Level Annotations

Branches:
Dungeon (3/15)

Altars:
Elyvilon
Fedhas
Okawaru
Yredelemnul
The Shining One

Annotations:
D:3 Grinder


Innate Abilities, Weirdness & Mutations

You have a pair of horns on your head.
You reflexively headbutt those who attack you in melee.


Message History

Grinder blinks!
Throw: 5 darts (poison)
Press: ? - help, Q - select action Shift-Dir - straight line, f - Grinder
Aim: Grinder (50% to hit)
You throw a poisoned dart.
The poisoned dart barely misses Grinder.
Grinder says, "You look like you could use a good racking."
Throw: 4 darts (poison)
Press: ? - help, Q - select action Shift-Dir - straight line, f/p - Grinder
Aim: Grinder (50% to hit)
You throw a poisoned dart. The poisoned dart hits Grinder.
Grinder hits you!
You writhe in agony.
You barely miss Grinder. Grinder hits you but does no damage.
You hit Grinder. You headbutt Grinder, but do no damage.
Grinder is lightly wounded.
Grinder gestures at you. Pain shoots through your body!
You slash Grinder!
Grinder is moderately wounded.
The rat twitches its whiskers.
Grinder hits you but does no damage.
You hit Grinder. Your headbutt misses Grinder.
Grinder is heavily wounded.
Grinder hits you but does no damage.
Grinder says, "Tell me all your secrets, or I'll kill you."
Grinder barely misses you.
You barely miss Grinder.
Grinder is heavily wounded.
Grinder hits you!
* * * LOW HITPOINT WARNING * * *
You writhe in agony.
* * * LOW HITPOINT WARNING * * *
You closely miss Grinder.
Grinder is heavily wounded.
You hit the rat.
You kill the rat!
Grinder hits you.
* * * LOW HITPOINT WARNING * * *
You writhe in agony.
You die...

#.##.............
######.##.(...........
#......##..###..####..
#......##...###+#.#...
#....)..#..#......##..
##.......#..##......#..
#........#...+.._..+...
#........#..#.......#.. #
#.....@..#...#.........
#.#......5.#..#.##+.###..
###.#...........###..#..#..
...........................
?....#.#.........(............
..?.. #........###...+.......
r...?###.##+###.###...########
.g..........# #.#.'...'.....#.
.......#.#### #.#.#...#####.#.


You could see Grinder.

Vanquished Creatures
  Jessica (D:2)
  A scorpion zombie (D:3)
  An adder (D:2)
  A white imp (D:3)
  An adder zombie (D:3)
  A worm (D:2)
  A dart slug (D:1)
  7 ball pythons
  4 bats
  4 endoplasms
  A giant cockroach (D:1)
  4 goblins
  A hobgoblin (D:2)
  2 jackals (D:1)
  A quokka (D:2)
  4 frilled lizards
  A goblin zombie (D:3)
  2 hobgoblin zombies (D:3)
  4 kobolds
  3 kobold skeletons (D:3)
  An orc skeleton (D:3)
  An orc zombie (D:3)
  3 rats
50 creatures vanquished.

Vanquished Creatures (others)
  2 plants (D:2)
  5 toadstools (D:1)
7 creatures vanquished.

Grand Total: 57 creatures vanquished

Notes
Turn   | Place    | Note
-------+----------+-------------------------------------------
     0 | D:1      | fishmans the Minotaur Fighter began the quest for the Orb.
     0 | D:1      | Reached XP level 1. HP: 19/19 MP: 0/0
    92 | D:1      | Reached skill level 3 in Axes
   124 | D:1      | Reached XP level 2. HP: 26/26 MP: 1/1
   370 | D:1      | Found a faded altar of an unknown god.
   574 | D:1      | Reached skill level 4 in Axes
   651 | D:2      | Found a white marble altar of Elyvilon.
   759 | D:2      | Noticed Jessica
   883 | D:2      | Killed Jessica
   884 | D:2      | Reached XP level 3. HP: 28/31 MP: 2/2
  1003 | D:2      | Reached skill level 5 in Axes
  1279 | D:2      | Reached XP level 4. HP: 33/39 MP: 3/3
  1566 | D:2      | Upgraded the game from 0.29.1-4-g47bece8355 to
                  | 0.29.1-12-g30fa7ad0bf
  1688 | D:3      | Found a basalt altar of Yredelemnul.
  1802 | D:3      | Found a glowing golden altar of the Shining One.
  1807 | D:3      | Reached skill level 6 in Axes
  1926 | D:3      | Found an iron altar of Okawaru.
  1928 | D:3      | Found a blossoming altar of Fedhas.
  2044 | D:3      | Noticed Grinder
  2082 | D:3      | Slain by Grinder

Illustrated notes

Levels and vault maps discovered:
D:1:      minmay_arrival_stair_chambers, layout_rooms,
          dreamdust_ecumenical_altar_angels_and_demons, chequers_avenue,
          minivault_23, minmay_gold_behind_fungi, minmay_large_rounded_square
D:2:      layout_loops_cross, basic_altar, serial_bayou_crossing, uniq_jessica
D:3:      layout_basic, nicolae_tso_besieged_by_evil, overflow_temple_1_default,
          nicolae_overflow_ecumenical_swirl, mainiacjoe_overflow_catwalk_spiral,
          nicolae_yredelemnul_corpse_copse, uniq_grinder

Skill      XL: |  1  2  3  4 |
---------------+-------------+-----
Axes           | 3 4 5 6 |  6.1
Fighting       | |  3.6
Armour         | |  3.6
Shields        | |  3.6

Action                   |  1- 3 |  4- 6 || total
-------------------------+-------+-------++-------
Melee: War axe           |    83 |    50 ||   133
       Headbutt          |     8 |     6 ||    14
Throw: Dart              |       |     2 ||     2
  Use: Scroll            |     2 |       ||     2
Armor: Scale mail        |    50 |    16 ||    66
Dodge: Dodged            |    38 |    15 ||    53
Block: Buckler           |    24 |     4 ||    28
